 Dungeon Crawl Stone Soup version 0.28.0-43-g3370ac3207 (webtiles) character file.

Game seed: 15544704299972615601

260 jimonade the Prestidigitator (level 6, -3/47 HPs)
             Began as a Gnoll Wanderer on Mar 17, 2022.
             Slain by an orc wizard
             ... wielding a +0 hand axe
              (5 damage)
             ... on level 3 of the Dungeon.
             The game lasted 00:10:52 (2961 turns).

jimonade the Prestidigitator (Gnoll Wanderer)       Turns: 2961, Time: 00:10:52

Health: -3/47      AC:  8    Str: 12    XL:     6   Next: 17%
Magic:  12/13      EV: 13    Int: 10    God:
Gold:   176        SH:  4    Dex: 14    Spells: 14/15 levels left

rFire   . . .      SeeInvis .   h - +1 dagger (flame)
rCold   . . .      Faith    .   k - +0 buckler
rNeg    . . .      Spirit   .   E - +2 robe
rPois   .          Reflect  .   (no helmet)
rElec   .          Harm     .   j - +2 cloak
rCorr   .          Rampage  .   g - +0 pair of gloves
Will    .....                   (no boots)
Stlth   ++........              (no amulet)
HPRegen 0.15/turn               (no ring)
MPRegen 0.13/turn               (no ring)

@: very slightly contaminated
A: fangs 1, strong nose, distributed training
a: no special abilities


You were on level 3 of the Dungeon.
You visited 1 branch of the dungeon, and saw 3 of its levels.

You collected 176 gold pieces.

Inventory:

Hand Weapons
 h - a +1 dagger of flaming (weapon)
 r - a +0 shortbow
 t - a +0 hand axe
 v - a +0 spear
 z - a +0 halberd
 B - a +2 war axe of distortion
Missiles
 b - 4 throwing nets
 f - 89 stones
 l - 42 sling bullets
 q - 21 bolts
 C - 3 javelins
 F - 24 arrows
Armour
 d - a +0 leather armour
 g - a +0 pair of gloves (worn)
 j - a +2 cloak (worn)
 k - a +0 buckler (worn)
 o - a +0 robe
 y - a +0 ring mail
 E - a +2 robe (worn)
Wands
 c - a wand of flame (4)
 n - a wand of paralysis (11)
Scrolls
 a - a scroll of immolation {unknown}
 m - a scroll of teleportation {unknown}
 p - a scroll of acquirement {unknown}
 w - a scroll of magic mapping {unknown}
 x - a scroll of amnesia {unknown}
 A - a scroll of fog {unknown}
 D - a scroll of blinking {unknown}
Potions
 e - a potion of magic {unknown}
 i - a potion of brilliance {unknown}
 s - 2 potions of resistance {unknown}
 u - a potion of heal wounds {unknown}


   Skills:
 + Level 3.1 Fighting
 + Level 1.8 Short Blades
 + Level 1.8 Long Blades
 + Level 1.8 Axes
 + Level 1.8 Maces & Flails
 + Level 1.8 Polearms
 + Level 1.8 Staves
 + Level 1.8 Slings
 + Level 1.8 Bows
 + Level 1.8 Crossbows
 + Level 1.8 Throwing
 + Level 1.8 Armour
 + Level 4.9 Dodging
 + Level 1.8 Stealth
 + Level 1.8 Shields
 + Level 1.8 Unarmed Combat
 + Level 5.3 Spellcasting
 + Level 1.4 Conjurations
 + Level 1.4 Hexes
 + Level 1.4 Summonings
 + Level 1.4 Necromancy
 + Level 1.4 Translocations
 + Level 1.4 Transmutations
 + Level 2.5 Fire Magic
 + Level 1.4 Ice Magic
 + Level 1.4 Air Magic
 + Level 1.4 Earth Magic
 + Level 1.4 Poison Magic
 + Level 2.0 Invocations
 + Level 8.7 Evocations


You had 14 spell levels left.
You knew the following spells:

 Your Spells              Type           Power      Damage    Failure   Level
a - Foxfire               Conj/Fire      24%        2x1d5     13%         1

Your spell library contained the following spells:

 Spells                   Type           Power      Damage    Failure   Level
 Conjure Flame            Conj/Fire      6%         6-21      36%         3


Dungeon Overview and Level Annotations

Branches:
Dungeon (3/15)

Altars:


Innate Abilities, Weirdness & Mutations

You have very sharp teeth.
Your uncanny sense of smell can sniff out nearby items.
Your experience applies equally to all skills.


Message History

A puff of flame appears from out of thin air!
The puff of flame misses you. Something hits you but does no damage.
You bump into the rock wall.
Something hits you. Something hits you but does no damage.
Something hits you but does no damage. x2
You are too injured to fight recklessly!
You closely miss something.
You feel less confused. Something hits you.
You miss something. You block something's attack.
You hit something but do no damage.
You hear some strange, mumbled words.
A magic dart appears from out of thin air!
The magic dart hits you.
* * * LOW HITPOINT WARNING * * *
Something hits you but does no damage.
You are too injured to fight recklessly!
You miss something. Something barely misses you.
Unknown command.
Casting: Foxfire (safe; 13% risk of failure)
Confirm with . or Enter, or press ? or * to list all spells.
You miscast Foxfire.
You are very lightly contaminated with residual magic.
Nothing appears to happen.
You hear some strange, mumbled words.
A magic dart appears from out of thin air!
The magic dart hits you.
* * * LOW HITPOINT WARNING * * *
Something hits you.
* * * LOW HITPOINT WARNING * * *
Okay, then.
Unknown command.
You barely miss something. Something hits you but does no damage.
Unknown command.
You miss something. Something hits you but does no damage. Something hits you.
* * * LOW HITPOINT WARNING * * *
You hit something. You burn something. Something hits you.
* * * LOW HITPOINT WARNING * * *
You miss something. Something hits you.
You die...

#.# #.#...#.# #........# #.#
#.#...#.# #........# #.#
#.#...#.# #........# #.#
#.#...#.# #........#
##.#######.#...#.# #........#
#..............#.# #........#
##########.#...#.###.........
#.#..{.......†.......
#.#.#@#####...........
#.#.#.###........###
#.#.#............#
#...#............#
#####............#
#............# #.......######
#....#### ######


There were no monsters in sight!

Vanquished Creatures
  Sigmund (D:3)
  A hound (D:2)
  A gnoll (D:3)
  An ufetubus (D:3)
  An adder skeleton (D:3)
  2 dart slugs (D:3)
  3 orcs (D:3)
  An endoplasm (D:1)
  A giant cockroach (D:1)
  5 goblins
  9 hobgoblins
  3 kobolds (D:1)
  2 quokkas (D:1)
  8 ball pythons
  3 bats (D:3)
  4 frilled lizards
  2 rats
48 creatures vanquished.

Vanquished Creatures (others)
  51 foxfires
  14 plants (D:3)
65 creatures vanquished.

Grand Total: 113 creatures vanquished

Notes
Turn   | Place    | Note
-------+----------+-------------------------------------------
     0 | D:1      | jimonade the Gnoll Wanderer began the quest for the Orb.
     0 | D:1      | jimonade set off with the following items: a +0 dagger, 4
                  | throwing nets, a wand of flame (4), a +0 leather armour;
                  | and the following spell memorised: Foxfire; and the
                  | following spells available to memorise: Conjure Flame
     0 | D:1      | Reached XP level 1. HP: 17/17 MP: 6/6
   230 | D:1      | Reached XP level 2. HP: 20/23 MP: 0/7
  1394 | D:2      | Reached skill level 1 in Short Blades
  1394 | D:2      | Reached skill level 1 in Long Blades
  1394 | D:2      | Reached skill level 1 in Axes
  1394 | D:2      | Reached skill level 1 in Maces & Flails
  1394 | D:2      | Reached skill level 1 in Polearms
  1394 | D:2      | Reached skill level 1 in Staves
  1394 | D:2      | Reached skill level 1 in Slings
  1394 | D:2      | Reached skill level 1 in Bows
  1394 | D:2      | Reached skill level 1 in Crossbows
  1394 | D:2      | Reached skill level 1 in Throwing
  1394 | D:2      | Reached skill level 1 in Armour
  1394 | D:2      | Reached skill level 1 in Stealth
  1394 | D:2      | Reached skill level 1 in Shields
  1394 | D:2      | Reached skill level 1 in Unarmed Combat
  1394 | D:2      | Reached skill level 5 in Spellcasting
  1394 | D:2      | Reached skill level 1 in Invocations
  1394 | D:2      | Reached XP level 3. HP: 18/28 MP: 0/9
  1884 | D:3      | Reached XP level 4. HP: 34/34 MP: 11/11
  2178 | D:3      | Noticed Sigmund
  2288 | D:3      | Reached skill level 1 in Conjurations
  2288 | D:3      | Reached skill level 1 in Hexes
  2288 | D:3      | Reached skill level 1 in Summonings
  2288 | D:3      | Reached skill level 1 in Necromancy
  2288 | D:3      | Reached skill level 1 in Translocations
  2288 | D:3      | Reached skill level 1 in Transmutations
  2288 | D:3      | Reached skill level 1 in Ice Magic
  2288 | D:3      | Reached skill level 1 in Air Magic
  2288 | D:3      | Reached skill level 1 in Earth Magic
  2288 | D:3      | Reached skill level 1 in Poison Magic
  2405 | D:3      | Found a faded altar of an unknown god.
  2695 | D:3      | Killed Sigmund
  2696 | D:3      | Reached XP level 5. HP: 26/41 MP: 12/12
  2696 | D:3      | Reached XP level 6. HP: 30/47 MP: 13/13
  2960 | D:3      | HP: 2/47 [something (5)]
  2961 | D:3      | Slain by an orc wizard

Illustrated notes

Levels and vault maps discovered:
D:1:      dpeg_arrival_three_same_balls, layout_basic
D:2:      layout_rooms, chequers_decorated_corner
D:3:      minmay_thinvault, layout_basic,
          shapermc_ecumenical_altar_starsandcircs, serial_bayou_ford_a,
          uniq_sigmund

Skill      XL: |  1  2  3  4 |
---------------+-------------+-----
Fire Magic     | 2 |  2.5
Short Blades   | 1 |  1.8
Long Blades    | 1 |  1.8
Axes           | 1 |  1.8
Maces & Flails | 1 |  1.8
Polearms       | 1 |  1.8
Staves         | 1 |  1.8
Slings         | 1 |  1.8
Bows           | 1 |  1.8
Crossbows      | 1 |  1.8
Throwing       | 1 |  1.8
Armour         | 1 |  1.8
Stealth        | 1 |  1.8
Shields        | 1 |  1.8
Unarmed Combat | 1 |  1.8
Spellcasting   | 5 |  5.3
Invocations    | 1 2 |  2.0
Conjurations   | 1 |  1.4
Hexes          | 1 |  1.4
Summonings     | 1 |  1.4
Necromancy     | 1 |  1.4
Translocations | 1 |  1.4
Transmutations | 1 |  1.4
Ice Magic      | 1 |  1.4
Air Magic      | 1 |  1.4
Earth Magic    | 1 |  1.4
Poison Magic   | 1 |  1.4
Fighting       | 3 |  3.1
Dodging        | |  4.9
Evocations     | |  8.7

Action                   |  1- 3 |  4- 6 || total
-------------------------+-------+-------++-------
Melee: Dagger            |    63 |    97 ||   160
       Bite              |     6 |    11 ||    17
 Cast: Foxfire           |    25 |     5 ||    30
  Use: Scroll            |     1 |       ||     1
 Stab: Sleeping          |       |     1 ||     1
Armor: Leather armour    |    21 |    19 ||    40
       Robe              |       |    15 ||    15
Dodge: Dodged            |    37 |    56 ||    93
Block: Buckler           |     5 |    16 ||    21
